 Dungeon Crawl Stone Soup version 0.31-a0-1-g4198be8af4 (webtiles) character file.

Game seed: 14966538160377712286

35513 jasper the Reanimator (level 13, -6/93 HPs)
             Began as a Demonspawn Venom Mage on May 2, 2023.
             Was a Priest of Ashenzari.
             Killed from afar by a hell hog (10 damage)
             ... with a fireball
             ... on level 2 of the Abyss.
             The game lasted 00:32:41 (16255 turns).

jasper the Reanimator (Demonspawn Venom Mage)      Turns: 16255, Time: 00:32:41

Health: -6/93      AC:  9    Str: 11    XL:     13   Next: 48%
Magic:  0/27       EV: 17    Int: 22    God:    Ashenzari [***...]
Gold:   485        SH:  0    Dex: 20    Spells: 10/32 levels left

rFire   + . .        n - +8 whip of Ashenzari's Soothsayer {freeze, Str+3, Cun, Range} (curse)
rCold   . . .        (no shield)
rNeg    . . .        S - +2 robe {rF+}
rPois   +            (no helmet)
rElec   .            t - +1 cloak of Ashenzari's Sybil {Will+, Elem, Alch} (curse)
rCorr   .            B - +0 pair of gloves of Ashenzari's Augurer {Alch, Cun} (curse)
SInv    +            (boots unavailable)
Will    +....        g - amulet of Ouranomancy {Acrobat, Fort, Bglg} (curse)
Stlth   +++          q - +6 ring of dexterity
HPRegen 0.35/turn    I - ring of wizardry
MPRegen 0.40/turn

%: acrobat, clarity, guardian spirit, wizardry (x1)
@: no status effects
A: hooves 3, yellow scales 1, icemail 1, magic shield, magic regeneration,
condensation shield, poison resistance, wild magic 1
a: Renounce Religion, Shatter the Chains


You were on level 2 of the Abyss.
You worshipped Ashenzari.
Ashenzari was most pleased with you.
You visited 3 branches of the dungeon, and saw 13 of its levels.
You visited the Abyss 1 time.
You also visited: Bailey and Volcano.

You collected 1031 gold pieces.
You spent 546 gold pieces at shops.

Inventory:

Hand Weapons
 e - a +0 dagger of freezing
 h - a +1 dagger of venom
 n - the cursed +8 whip of Ashenzari's Soothsayer (weapon) {freeze, Str+3, Cun, Range}
   (You found it on level 2 of the Dungeon)

   Str:       It affects your strength (+3).
   It has a curse which improves the following skills: Cunning: Dodging and
   Stealth.
   Ranged Combat: Ranged Weapons and Throwing.
 C - a +0 halberd
 Q - a +0 club
 R - a +1 demon whip of venom
Missiles
 i - 153 stones
 y - 3 curare-tipped darts
 O - a throwing net
Armour
 a - a +1 robe
 t - the cursed +1 cloak of Ashenzari's Sybil (worn) {Will+, Elem, Alch}
   (You took it off Crazy Yiuf on level 7 of the Dungeon)

   It has a curse which improves the following skills: Elements: Fire Magic, Ice
   Magic, Air Magic and Earth Magic.
   Alchemy:   Poison Magic and Transmutations.
 B - the cursed +0 pair of gloves of Ashenzari's Augurer (worn) {Alch, Cun}
   (You found it on level 7 of the Dungeon)

   It has a curse which improves the following skills: Alchemy: Poison Magic and
   Transmutations.
   Cunning:   Dodging and Stealth.
 D - a +2 pair of boots
 F - a +0 troll leather armour
 N - a +0 pair of boots
 S - a +2 robe of fire resistance (worn)
Jewellery
 g - the cursed amulet of Ouranomancy (around neck) {Acrobat, Fort, Bglg}
   (You found it on level 1 of the Dungeon)

   [amulet of the acrobat]

   It increases your evasion while moving and waiting.
   It has a curse which improves the following skills: Fortitude: Armour and
   Shields.
   Beguiling: Conjurations, Hexes and Translocations.
 j - an amulet of faith
 l - a ring of magical power
 q - a +6 ring of dexterity (left hand)
 z - a ring of poison resistance
 I - a ring of wizardry (right hand)
Wands
 E - a wand of acid (11)
 H - a wand of mindburst (4)
 J - a wand of iceblast (13)
 M - a wand of flame (15)
 P - a wand of polymorph (6)
Scrolls
 c - 2 scrolls of poison
 f - 2 scrolls of amnesia
 k - 4 scrolls of enchant armour
 m - 3 scrolls of identify
 s - 4 scrolls of noise
 G - a scroll of enchant weapon
 K - a scroll of silence
 L - a scroll of fog
Potions
 d - 3 potions of degeneration
 o - 3 potions of brilliance
 p - 4 potions of mutation
 u - a potion of might
 v - a potion of resistance
 w - 3 potions of flight


   Skills:
 + Level 5.8 Fighting
 + Level 5.7(8.0) Dodging
 - Level 1.7(3.3) Stealth
 + Level 10.3 Spellcasting
 * Level 13.9 Necromancy
 - Level 2.0(3.2) Translocations
 - Level 0.8(2.0) Transmutations
 * Level 11.8(13.3) Earth Magic
 - Level 6.0(8.2) Poison Magic


You had 10 spell levels left.
You knew the following spells:

 Your Spells              Type           Power      Damage    Failure   Level
a - Stone Arrow           Conj/Erth      100%       3d13      1%          3
b - Poisonous Vapours     Pois/Air       76%        N/A       1%          2
c - Mephitic Cloud        Conj/Pois/Air  31%        N/A       3%          3
d - Olgreb's Toxic Radia  Pois           58%        N/A       1%          4
e - Borgnjor's Vile Clut  Necr/Erth      37%        N/A       1%          5
f - Apportation           Tloc           66%        N/A       1%          1
g - Passage of Golubria   Tloc           33%        N/A       9%          4

Your spell library contained the following spells:

 Spells                   Type           Power      Damage    Failure   Level
 Beastly Appendage        Tmut           52%        N/A       1%          1
 Necrotise                Necr           100%       1d9       1%          1
 Sting                    Tmut/Pois      100%       1d8       1%          1
 Lesser Beckoning         Tloc           66%        N/A       1%          2
 Vampiric Draining        Necr           76%        2d11      1%          3
 Animate Dead             Necr           76%        N/A       1%          4
 Agony                    Necr           76%        N/A       1%          5
 Lee's Rapid Deconstruct  Erth           37%        3d18*     1%          5
 Death Channel            Necr           38%        N/A       2%          6
 Magic Dart               Conj           60%        1d6       3%          1
 Slow                     Hex            60%        N/A       3%          1
 Teleport Other           Tloc           33%        N/A       3%          3
 Summon Small Mammal      Summ           56%        N/A       4%          1
 Searing Ray              Conj           30%        2d5       5%          2
 Static Discharge         Conj/Air       30%        2-4/arc   5%          2
 Vhi's Electric Charge    Tloc/Air       48%        N/A       5%          3
 Confusing Touch          Hex            15%        N/A       9%          3
 Dazzling Flash           Conj/Hex       30%        N/A       9%          3
 Hailstorm                Conj/Ice       15%        3d5       9%          3
 Ice Form                 Ice/Tmut       21%        N/A       21%         4
 Airstrike                Air            7%         2d(2-18)  26%         4
 Fulminant Prism          Conj/Hex       7%         3d7       26%         4
 Simulacrum               Ice/Necr       26%        N/A       26%         6
 Summon Lightning Spire   Summ/Air       15%        N/A       28%         4
 Summon Forest            Summ/Tloc      12%        N/A       38%         5
 Arcjolt                  Conj/Air       7%         1d17      56%         5
 Silence                  Hex/Air        7%         N/A       56%         5
 Dispersal                Tloc           16%        N/A       71%         6
 Plasma Beam              Fire/Air       7%         2x1d20    97%         6
 Ozocubu's Refrigeration  Ice            7%         4d9       100%        7
 Polar Vortex             Ice            7%         N/A       100%        9


Dungeon Overview and Level Annotations

Branches:
Dungeon (11/15)            Temple (1/1) D:4            Lair (1/5) D:10
    Orc (0/2) D:11         Bailey (visited)         Volcano (visited)

Altars:
Ashenzari
Cheibriados
Dithmenos
Fedhas
Gozag
Hepliaklqana
Kikubaaqudgha
Makhleb
Nemelex Xobeh
Okawaru
Qazlal
Ru
Sif Muna
Trog
Uskayaw
Vehumet
Wu Jian
Xom
Yredelemnul

Shops:
D:9 :

Annotations:
D:11 1 runed translucent door


Innate Abilities, Weirdness & Mutations

You have hooves in place of feet.
You are partially covered in yellow scales. (AC +2)
A meltable icy envelope protects you from harm. (AC +0)
When hurt, damage is shared between your health and your magic reserves.
You regenerate magic rapidly.
A meltable shield of frost defends you. (SH +0)
Your system is resistant to poisons. (rPois)
Your spells are a little harder to cast, but a little more powerful.


Message History

You begin to radiate toxic energy.
The hell hog looks as sick as possible!
The hell hog is poisoned.
The raiju is poisoned.
The hell hog looks as sick as possible!
The raiju looks even sicker.
The hell hog misses you. The raiju bites you but does no damage.
The hell hog bites you!
* * * LOW HITPOINT WARNING * * *
You take 6 damage, and have 8/93 hp.
You now have 5/27 mp.
Casting: Olgreb's Toxic Radiance (mildly dangerous; 1% risk of failure)
Confirm with . or Enter, or press ? or * to list all spells.
Aiming: Borgnjor's Vile Clutch (mildly dangerous; 1% risk of failure)
Press: ? - help, Shift-Dir - straight line, f/p - hell hog
Aim: a hell hog (severely wounded, extremely poisoned, 100% to hit)
Zombie hands grab the hell hog.
Your toxic aura wanes.
The zombie hands constrict the hell hog.
The raiju closely misses you. The hell hog barely misses you.
You now have 0/27 mp.
Casting: Borgnjor's Vile Clutch (mildly dangerous; 1% risk of failure)
Confirm with . or Enter, or press ? or * to list all spells.
You don't have enough magic to cast this spell.
Unknown command.
Magic courses through your body.
The zombie hands constrict the hell hog!
You kill the hell hog!
The raiju completely misses you. The hell hog bites you!
* * * LOW HITPOINT WARNING * * *
You take 4 damage, and have 4/93 hp.
You regained 11 mp, and now have 11/27 mp.
Casting: Borgnjor's Vile Clutch (mildly dangerous; 1% risk of failure)
Confirm with . or Enter, or press ? or * to list all spells.
Aiming: Borgnjor's Vile Clutch (mildly dangerous; 1% risk of failure)
Press: ? - help, Shift-Dir - straight line, f - hell hog
Aim: a hell hog (lightly wounded, poisoned, 100% to hit)
Zombie hands grab the hell hog.
The zombie hands constrict the hell hog!
The hell hog breathes fire at you.
The fireball explodes!
The fireball engulfs the hell hog.
The hell hog completely resists.
The fireball engulfs the hell hog.
The hell hog completely resists.
The fireball engulfs you! You resist.
You die...

, , * ** ,#
..#. #... *
, ## ...#.
, , ##
#####... .
.. , #. .
##. ### . *
##.......#
*... * * #
#.#..### #
,. ## ,
*,#. # h..#
* . * ,
,#..###.##.
#. , *
#h@h.#*.# *
*** * **
#h###.# ..
*,, , .3 ,
...... ,
,..#, , .
...#.. * *
* #. , .
#....#. . ,
, ..# ...
,, ..#..#
## , ,* . ,


You could see 2 hell hogs, a raiju (very poisoned) and a neqoxec.

Vanquished Creatures
  2 minotaurs (D:11)
  A two-headed ogre (D:9)
  4 death yaks (D:11)
  2 hell hogs (Abyss:2)
  3 sun demons (D:10)
  2 sixfirhies
  Amaemon (Lair:1)
  3 wizards (Volcano)
  Pikel (D:4)
  A manticore (D:11)
  An orc knight (Bailey)
  3 toenail golems (Volcano)
  6 elephants (Lair:1)
  A rust devil (D:10)
  2 gargoyles
  An orange demon (Lair:1)
  2 cane toads (Lair:1)
  An unseen horror (D:10)
  2 kobold demonologists
  A hellion (Abyss:2)
  9 yaktaurs (D:11)
  An anaconda simulacrum (Abyss:2)
  A red devil (D:10)
  2 ice devils (D:10)
  3 trolls
  A hellwing (D:10)
  Prince Ribbit (D:6)
  5 raiju (Abyss:2)
  A shadow (D:10)
  24 yaks
  4 wyverns
  A water elemental (D:11)
  A wraith (D:11)
  A basilisk (D:10)
  Eustachio (D:5)
  3 chaos spawn (D:10)
  3 neqoxecs (D:10)
  An acid dragon (D:9)
  Duvessa (D:5)
  A small abomination (Abyss:2)
  7 water moccasins
  2 hell hounds (Lair:1)
  An ice beast (D:8)
  12 orc warriors
  A sky beast (D:7)
  3 black bears
  3 wolves (D:10)
  An ogre (D:4)
  9 centaurs
  6 phantoms
  3 lemures (D:4)
  3 bullfrogs
  5 kobold brigands
  2 gnoll sergeants
  2 wyvern zombies (D:5)
  3 scorpions
  2 water moccasin zombies (D:5)
  4 wights (D:9)
  Dowan (D:5)
  3 killer bees (D:8)
  2 water moccasin skeletons (D:5)
  7 electric eels
  2 howler monkeys
  A quasit (D:10)
  11 orc priests
  Crazy Yiuf (D:7)
  A gnoll bouda (D:8)
  4 hounds
  2 jellies
  6 iguanas
  2 iron imps (Abyss:2)
  10 orc wizards
  A scorpion zombie (D:5)
  A mummy (D:10)
  7 adders
  32 gnolls
  A shadow imp (D:6)
  An ufetubus (Abyss:2)
  A worm (D:3)
  A dart slug (D:1)
  59 orcs
  8 ball pythons
  5 bats
  4 endoplasms
  3 giant cockroaches
  7 goblins
  10 hobgoblins
  7 jackals (D:1)
  3 quokkas
  4 frilled lizards (D:2)
  28 kobolds
  7 rats
  A spectral orc (D:6)
418 creatures vanquished.

Vanquished Creatures (others)
  An ufetubus (Abyss:2)
  A bush (D:10)
  7 demonic plants (D:10)
  A fungus (D:10)
  41 plants
  4 withered plants (D:5)
55 creatures vanquished.

Grand Total: 473 creatures vanquished

Notes
Turn   | Place    | Note
-------+----------+-------------------------------------------
     0 | D:1      | jasper the Demonspawn Venom Mage began the quest for the
                  | Orb.
     0 | D:1      | Reached XP level 1. HP: 13/13 MP: 3/3
   135 | D:1      | Gained mutation: You regenerate magic rapidly. [demonic
                  | ancestry]
   135 | D:1      | Reached XP level 2. HP: 16/19 MP: 0/5
   425 | D:1      | Learned a level 2 spell: Poisonous Vapours
   618 | D:1      | Gained mutation: You are partially covered in yellow
                  | scales. (AC +2) [demonic ancestry]
   618 | D:1      | Reached XP level 3. HP: 24/24 MP: 1/6
   908 | D:2      | Learned a level 3 spell: Mephitic Cloud
  1301 | D:2      | Reached XP level 4. HP: 28/30 MP: 3/7
  1341 | D:2      | Reached skill level 5 in Poison Magic
  1453 | D:2      | Identified the +8 whip of Adelel {freeze, Str+3}
  1705 | D:3      | Found a faded altar of an unknown god.
  1852 | D:3      | Found a stormy altar of Qazlal.
  2156 | D:3      | Found a snail-covered altar of Cheibriados.
  2158 | D:3      | Found a shimmering altar of Xom.
  2670 | D:4      | Noticed a lemure
  2702 | D:4      | Killed a lemure
  2814 | D:4      | Reached XP level 5. HP: 35/35 MP: 3/8
  3190 | D:4      | Found a staircase to the Ecumenical Temple.
  3212 | Temple   | Entered the Ecumenical Temple
  3413 | D:4      | Noticed a lemure
  3433 | D:4      | Killed a lemure
  3489 | D:4      | Noticed a lemure
  3512 | D:4      | Killed a lemure
  3622 | D:4      | Noticed Pikel
  3628 | D:4      | Noticed a lemure
  3639 | D:4      | Killed Pikel
  3640 | D:4      | Reached skill level 5 in Spellcasting
  3640 | D:4      | Reached XP level 6. HP: 41/41 MP: 2/14
  3640 | D:4      | Gained mutation: You have large cloven feet. [demonic
                  | ancestry]
  3640 | D:4      | Reached XP level 7. HP: 46/46 MP: 2/15
  3645 | D:4      | Learned a level 4 spell: Olgreb's Toxic Radiance
  3651 | D:4      | Learned a level 5 spell: Borgnjor's Vile Clutch
  3710 | D:4      | Learned a level 1 spell: Apportation
  3733 | D:4      | Found a hazy altar of Hepliaklqana.
  3760 | D:4      | Reached skill level 1 in Necromancy
  3760 | D:4      | Reached skill level 1 in Earth Magic
  4008 | D:5      | Entered Level 5 of the Dungeon
  4008 | D:5      | Noticed Duvessa
  4008 | D:5      | Noticed Dowan
  4015 | D:5      | Killed Dowan
  4035 | D:5      | Killed Duvessa
  4036 | D:5      | Reached skill level 2 in Necromancy
  4280 | D:5      | Reached skill level 3 in Necromancy
  4280 | D:5      | Gained mutation: A meltable shield of frost defends you.
                  | (SH +0) [demonic ancestry]
  4280 | D:5      | Reached XP level 8. HP: 30/52 MP: 14/17
  4573 | D:5      | Noticed Eustachio
  4581 | D:5      | Reached skill level 4 in Necromancy
  4622 | D:5      | Killed Eustachio
  4729 | D:5      | Reached skill level 5 in Necromancy
  5072 | D:5      | Reached XP level 9. HP: 9/57 MP: 19/19
  5359 | D:5      | Reached skill level 6 in Necromancy
  5423 | D:5      | Reached skill level 5 in Earth Magic
  5814 | D:6      | Noticed Prince Ribbit
  5825 | D:6      | Killed Prince Ribbit
  5892 | D:6      | Found a sand-covered staircase.
  6233 | D:6      | Reached skill level 7 in Necromancy
  6371 | D:6      | Found a sparkling altar of Nemelex Xobeh.
  6406 | D:6      | Found a basalt altar of Yredelemnul.
  6728 | D:7      | Found a runed translucent door.
  6729 | D:7      | Noticed Crazy Yiuf
  6741 | D:7      | Killed Crazy Yiuf
  7166 | D:7      | Reached skill level 8 in Necromancy
  7767 | D:8      | Found a flagged portal.
  7775 | D:8      | Gained mutation: A meltable icy envelope protects you from
                  | harm. (AC +0) [demonic ancestry]
  7775 | D:8      | Reached XP level 10. HP: 58/63 MP: 13/21
  7781 | Bailey   | Entered a bailey
  8170 | Bailey   | Noticed an orc knight
  8194 | Bailey   | Killed an orc knight
  8291 | Bailey   | Reached skill level 9 in Necromancy
  8913 | D:8      | Found a bloodstained altar of Trog.
  8975 | D:8      | Found a burning altar of Makhleb.
  8975 | D:8      | Found a broken altar of Ashenzari.
  8975 | D:8      | Found an iron altar of Okawaru.
  8975 | D:8      | Found a radiant altar of Vehumet.
  8990 | D:8      | Became a worshipper of Ashenzari the Shackled
  9675 | D:9      | Reached skill level 10 in Necromancy
  9754 | D:9      | Noticed a two-headed ogre
  9765 | D:9      | Killed a two-headed ogre
  9917 | D:9      | Gained mutation: You have hoof-like feet. [demonic
                  | ancestry]
  9917 | D:9      | Reached XP level 11. HP: 68/68 MP: 4/23
 10238 | D:9      | Found Lyitunt's Book Emporium.
 10248 | D:9      | Bought Veomynoing's Secrets of the White Tektite for 546
                  | gold pieces
 10252 | D:9      | Learned a level 3 spell: Stone Arrow
 10266 | D:9      | Reached * piety under Ashenzari
 10408 | D:10     | Entered Level 10 of the Dungeon
 10410 | D:10     | Noticed a sun demon
 10411 | D:10     | Gained mutation: You occasionally lose the ability to read
                  | scrolls when taking damage. [a neqoxec]
 10876 | D:11     | Reached skill level 1 in Fighting
 10887 | D:11     | Reached skill level 11 in Necromancy
 11055 | D:11     | Noticed a death yak
 11131 | D:11     | Noticed a death yak
 11165 | D:11     | Noticed a minotaur
 11189 | D:11     | Killed a death yak
 11293 | D:11     | Killed a death yak
 11673 | D:11     | Reached ** piety under Ashenzari
 11681 | D:11     | Reached skill level 10 in Earth Magic
 11807 | D:11     | Found a staircase to the Orcish Mines.
 12088 | D:11     | Gained mutation: When hurt, damage is shared between your
                  | health and your magic reserves. [demonic ancestry]
 12088 | D:11     | Reached XP level 12. HP: 45/83 MP: 18/26
 12326 | D:11     | Reached skill level 12 in Necromancy
 12566 | D:11     | Found a runed translucent door.
 12646 | D:11     | Killed a minotaur
 12737 | D:11     | Identified the Exposition on Numb Nonlocality
 12752 | D:11     | Noticed a death yak
 12754 | D:11     | Noticed a death yak
 12757 | D:11     | Noticed a minotaur
 12761 | D:11     | Killed a death yak
 12771 | D:11     | Killed a death yak
 12782 | D:11     | Killed a minotaur
 12803 | D:11     | Identified the cursed +0 pair of gloves of Ashenzari's
                  | Augurer {Alch, Cun} (You found it on level 7 of the
                  | Dungeon)
 12803 | D:11     | Identified the cursed +2 robe "Oracle of Ashenzari" {Will+,
                  | Melee, Self} (You took it off a goblin on level 3 of the
                  | Dungeon)
 13022 | D:11     | Identified the Discursus on the Tesseract and the Gestalt
 13032 | D:11     | Learned a level 4 spell: Passage of Golubria
 13219 | D:11     | Noticed a boulder beetle
 13220 | D:11     | Noticed a two-headed ogre
 13410 | D:10     | Found a snail-covered altar of Cheibriados.
 13748 | D:10     | Reached skill level 1 in Translocations
 13828 | D:10     | Found a shimmering blue altar of Sif Muna.
 14187 | D:10     | HP: 2/87 [gargoyle/+0 flail (14)]
 14191 | D:10     | Reached skill level 13 in Necromancy
 14191 | D:10     | Lost mutation: You occasionally lose the ability to read
                  | scrolls when taking damage. [potion of mutation]
 14191 | D:10     | Gained mutation: Your system is resistant to poisons.
                  | (rPois) [potion of mutation]
 14191 | D:10     | Gained mutation: Your spells are a little harder to cast,
                  | but a little more powerful. [potion of mutation]
 14236 | D:10     | Found an ornate altar of the Wu Jian Council.
 14597 | D:10     | Found a staircase to the Lair.
 14824 | D:10     | Reached skill level 5 in Dodging
 15294 | Lair:1   | Entered Level 1 of the Lair of Beasts
 15297 | Lair:1   | Reached *** piety under Ashenzari
 15338 | Lair:1   | Reached skill level 5 in Fighting
 15338 | Lair:1   | Reached skill level 10 in Spellcasting
 15405 | Lair:1   | Noticed Amaemon
 15414 | Lair:1   | Gained mutation: You have hooves in place of feet. [demonic
                  | ancestry]
 15414 | Lair:1   | Reached XP level 13. HP: 94/94 MP: 1/28
 15436 | Lair:1   | Killed Amaemon
 15622 | Lair:1   | Found a dark tunnel.
 15658 | Volcano  | Entered a volcano
 15851 | Abyss:2  | Cast into level 2 of the Abyss (a wizard)
 16042 | Abyss:2  | Noticed a lich
 16195 | Abyss:2  | Noticed a lich
 16254 | Abyss:2  | HP: 4/93 [hell hog (5)]
 16255 | Abyss:2  | Killed from afar by a hell hog

Illustrated notes

Levels and vault maps discovered:
D:1:      mainiacjoe_arrival_reflecting_pool, layout_basic
D:2:      layout_basic, minivault_26, st_stairs_3
D:3:      layout_basic, doesnt_xom_only_xom, old_standard_altar,
          chequers_ecumenical_altar_island, minivault_11, minmay_fountain_box
D:4:      layout_basic, nicolae_hepliaklqana_hazy_memory, lemuel_crystal_altar,
          minmay_temple_entry_glass, st_stairs_12, kennysheep_generic_room_2,
          uniq_pikel
D:5:      cheibrodos_helix_gallery, layout_basic, amcnicky_altar_gilded,
          serial_undead, serial_undead_b, serial_undead_b, serial_undead_f,
          serial_undead_b, serial_undead_b, serial_undead_c, chequers_big_river,
          uniq_duvessa, uniq_eustachio
D:6:      layout_rooms, mainiacjoe_overflow_small_starburst,
          yredelemnul_forgotten_temple_becter, nicolae_ossuary_entry_monument,
          uniq_prince_ribbit1
D:7:      layout_gridville, serial_co_window_serial, co_window_of_opportunity_a,
          co_window_of_opportunity_a, co_window_paths_a, co_window_corner_a,
          co_window_paths_a, co_window_cross_2, co_window_paths_c,
          co_window_broadway_c, co_window_paths_c, co_window_of_opportunity_b,
          co_window_unsneaky_path_b, co_window_4corner_b, glass_columns_a,
          glass_columns_c, glass_columns_c, glass_columns_a,
          uniq_crazy_yiuf_cottage
D:8:      layout_loops_ring, trog_three_pillars_becter,
          grunt_temple_overflow_cloverleaf, enter_bailey_2,
          kennysheep_generic_room_11
D:9:      layout_stronghold, serial_shops, shop
D:10:     layout_basic, mainiacjoe_overflow_24_doors, nzn_wu_jian_contemplation,
          mainiacjoe_overflow_paths, slow_altar_2, minmay_lair_entry_grove,
          serial_demonic, serial_demonic_e, serial_demonic_b, serial_demonic_g,
          serial_demonic_a, serial_demonic_c, serial_demonic_a,
          grunt_decor_one_mirror, grunt_decor_junction
D:11:     fort_yaktaur, layout_loops_ring, hiddenorc2_lemuel, lightli_airlock
Temple:   nicolae_temple_superstar
Lair:1:   layout_small_grid, enter_volcano_3, nicolae_lair_grazing_beasts
          [nicolae_sub_lair_graze_edge, nicolae_sub_lair_graze_edge,
          nicolae_sub_lair_graze_edge, nicolae_sub_lair_graze_edge],
          uniq_harold, uniq_amaemon
Abyss:2:  base: Temple, spicy_abyss_unhelpful_harpoons,
          hangedman_shadowy_showcase
Volcano:  volcano_bunker

Skill      XL: |  1  2  3  4  5  6  7  8  9 10 11 12 |
---------------+-------------------------------------+-----
Poison Magic   | 4 5 6 |  6.0
Spellcasting   | 5 6 7 8 9 10 | 10.3
Necromancy     | 3 5 8 10 11 13 | 13.9
Earth Magic    | 2 4 6 8 10 11 | 11.8
Dodging        | 3 5 |  5.7
Fighting       | 3 5 |  5.8
Translocations | 2 |  2.0
Stealth        | |  1.7
Transmutations | |  0.8

Action                     |  1- 3 |  4- 6 |  7- 9 | 10-12 | 13-15 || total
---------------------------+-------+-------+-------+-------+-------++-------
  Melee: Dagger            |    18 |       |       |       |       ||    18
         Whip              |       |    32 |   152 |   120 |    31 ||   335
         Kick              |       |       |    42 |    10 |    17 ||    69
         Unarmed           |       |       |     6 |       |       ||     6
         Punch             |       |       |       |     2 |       ||     2
   Cast: Sting             |    86 |    71 |    21 |       |       ||   178
         Poisonous Vapours |     4 |    21 |    17 |     1 |     2 ||    45
         Mephitic Cloud    |       |       |     6 |     3 |       ||     9
         Olgreb's Toxic Ra |       |       |    35 |    95 |     3 ||   133
         Borgnjor's Vile C |       |       |       |   107 |    30 ||   137
         Stone Arrow       |       |       |       |    70 |    24 ||    94
         Passage of Golubr |       |       |       |     2 |       ||     2
 Invoke: Curse Item        |       |       |       |     5 |       ||     5
         Shatter the Chain |       |       |       |       |     1 ||     1
  Evoke: Wand              |       |       |       |     3 |       ||     3
    Use: Scroll            |       |    11 |     8 |     2 |       ||    21
         Potion            |       |       |     4 |     9 |     4 ||    17
   Stab: Sleeping          |       |       |     1 |       |       ||     1
         Confused          |       |       |       |     1 |       ||     1
 Armour: Robe              |    11 |    20 |    49 |    75 |    18 ||   173
         Skin              |       |       |     4 |    16 |       ||    20
  Dodge: Dodged            |    49 |    38 |   158 |   193 |    71 ||   509
  Block: Other             |       |       |    32 |    35 |    10 ||    77

Table legend: (Time is in decaauts)
 A = Elapsed time spent in this place.
 B = Non-inter-level travel time spent in this place.
 C = Inter-level travel time spent in this place.
 D = Time resting spent in this place.
 E = Time spent auto-exploring this place.
 F = Levels seen in this place.
 G = Mean time per level.
                   A        B        C        D        E       F      G
               +--------+--------+--------+--------+--------+-----+--------+
         Total |  16329 |  15878 |    451 |   1416 |  11486 |  16 | 1020.6 |
       Dungeon |  14594 |  14160 |    434 |   1303 |  10359 |  11 | 1326.7 |
        Temple |    131 |    114 |     17 |      0 |    106 |   1 |  131.0 |
          Lair |    366 |    366 |      0 |     25 |    251 |   1 |  366.0 |
         Abyss |    404 |    404 |      0 |     88 |    168 |   1 |  404.0 |
        Bailey |    638 |    638 |      0 |      0 |    458 |   1 |  638.0 |
       Volcano |    193 |    193 |      0 |      0 |    144 |   1 |  193.0 |
               +--------+--------+--------+--------+--------+-----+--------+

Top non-repeatable levels by time:
    D:11: 2508 daAuts
    D:10: 2133 daAuts
     D:5: 1826 daAuts
     D:9: 1410 daAuts
     D:4: 1277 daAuts
     D:7: 1127 daAuts
     D:8: 969 daAuts
     D:3: 898 daAuts
     D:2: 886 daAuts
     D:1: 817 daAuts
     D:6: 739 daAuts
  Bailey: 638 daAuts
 Abyss:2: 404 daAuts
  Lair:1: 366 daAuts
 Volcano: 193 daAuts
